[Event "*** Titled Tuesday Blitz"]
[Site "Chess.com"]
[Date "2021.02.09"]
[Round "4"]
[White "AldokhinIvan"]
[Black "Nachsueb"]
[Result "1/2-1/2"]
[WhiteElo "2477"]
[BlackElo "2190"]
[TimeControl "180+1"]
[EndTime "10:40:57 PST"]
[Termination "Game drawn by stalemate"]

1. e4 c5 2. Nf3 e6 3. d4 cxd4 4. Nxd4 Nc6 5. Nc3 a6 6. Nxc6 bxc6 7. Bd3 Qc7 8. O-O Nf6 9. Qe2 Bb4 10. e5 Nd5 11. Bd2 Nxc3 12. bxc3 Be7 13. f4 O-O 14. c4 f6 15. f5 Qxe5 16. Qxe5 fxe5 17. fxe6 d5 18. cxd5 cxd5 19. Rxf8+ Bxf8 20. Bf5 g6 21. Bg4 Ra7 22. Rb1 Rb7 23. Rxb7 Bxb7 24. Bg5 Bc5+ 25. Kf1 Kf8 26. c3 Be7 27. Bh6+ Ke8 28. Ke2 Bf6 29.
Bc1 Bc8 30. Kd3 e4+ 31. Kc2 h5 32. Bh3 g5 33. Bf5 h4 34. h3 Ke7 35. Ba3+ Ke8 36. Bc5 Kd8 37. Bb6+ Ke8 38. Bc5 Be7 39. Be3 Bf6 40. Kb3 Be7 41. c4 dxc4+ 42. Kxc4 Bb7 43. Bg6+ Kf8 44. Bd4 Bd8 45. Bf5 Ke7 46. Kc5 Bc8 47.
Be3 Bxe6 48. Bxg5+ Ke8 49. Bg6+ Kd7 50. Bxd8 Kxd8 51.
Bxe4 Bxa2 52. Kb6 Bc4 53. Bb7 Ke7 54. Bxa6 Bd5 55. Bb7 Bxg2 56. Bxg2 Kf6 57. Kc6 Kg7 58. Kd5 Kh8 59. Ke4 Kg7 60. Kf4 Kh8 61. Kg5 Kg7 62.
Bd5 Kh8 63. Kxh4 Kg7 64. Kg5 Kh8 65. h4 Kg7 66. h5 Kh8 67. h6 Kh7 68. Kh5 Kh8 69. Kg6 1/2-1/2

[Event "*** Titled Tuesday Blitz"]
[Site "Chess.com"]
[Date "2021.02.09"]
[Round "4"]
[White "A-S-00"]
[Black "zim0ne"]
[Result "1/2-1/2"]
[WhiteElo "2322"]
[BlackElo "2518"]
[TimeControl "180+1"]
[EndTime "10:41:00 PST"]
[Termination "Game drawn by stalemate"]

1. d4 d5 2. Nf3 c6 3. c4 Nf6 4. Nc3 e6 5. g3 g6 6. Bg2 Bg7 7. O-O O-O 8. Ne5 Nbd7 9. Bf4 Nh5 10. e4 Nxf4 11. gxf4 Nxe5 12. fxe5 dxc4 13. f4 b5 14. Qd2 Qb6 15. Qf2 b4 16. Na4 Qb5 17. Nc5 a5 18. Rfc1 Rd8 19. Bf1 Ra7 20. Bxc4 Qb6 21.
a3 Bf8 22. Bf1 Be7 23. axb4 axb4 24. Rxa7 Qxa7 25. Nb3 Qb6 26. Qc2 Bb7 27. Kh1 Ra8 28. Bg2 Kg7 29. Nc5 Bxc5 30. dxc5 Qa5 31. f5 Qd8 32. f6+ Kg8 33. Rd1 Qf8 34. Qd2 Qxc5 35. Qd6 Qxd6 36. exd6 e5 37. Kg1 Kf8 38. d7 Rd8 39.
Kf2 c5 40. Ke3 Bc6 41. Bh3 c4 42. Rd6 Bb5 43. Rb6 Bxd7 44. Bxd7 c3 45. bxc3 bxc3 46. Ba4 h5 47. Rc6 Kg8 48. Rxc3 Rd6 49. Rc8+ Kh7 50. Rc6 Rd7 51. Bb3 g5 52. Bd5 Kg6 53. Kf3 Ra7 54. Rb6 Ra1 55. Rb7 Rf1+ 56. Ke2 Rxf6 57. Rb8 g4 58.
Rg8+ Kh6 59. Rd8 Kg5 60. Rg8+ Kh4 61. Rg7 Kh3 62. Bxf7 h4 63. Bh5 Rf4 64. Ke3 g3 65.
hxg3 hxg3 66. Bf3 Rh4 67. Rg6 Kh2 68. Rg7 Rh3 69. Rg8 Kg1 70. Ke2 Rh2+ 71. Ke3 g2 72.
Rg3 Kf1 73. Bxg2+ Rxg2 74. Rxg2 Kxg2 75. Ke2 Kg3 76. Ke3 Kg4 77. Kd3 Kf4 78. Kd2 Kf3 79.
Kd3 Kf2 80. Kd2 Kg3 81. Kd3 Kf4 82. Kd2 Kxe4 83. Ke2 Kf4 84. Kf2 e4 85. Ke2 e3 86.
Ke1 Kf3 87. Kf1 e2+ 88. Ke1 Ke3 1/2-1/2

[Event "*** Titled Tuesday Blitz"]
[Site "Chess.com"]
[Date "2021.02.09"]
[Round "4"]
[White "sergoy"]
[Black "Jungle_Jaguar"]
[Result "0-1"]
[WhiteElo "2854"]
[BlackElo "2653"]
[TimeControl "180+1"]
[EndTime "10:41:03 PST"]
[Termination "Jungle_Jaguar won by resignation"]

1. d4 Nf6 2. c4 g6 3. Nf3 Bg7 4. g3 O-O 5. Bg2 d6 6. O-O Nc6 7. Nc3 e5 8. dxe5 dxe5 9. Qxd8 Rxd8 10. Bg5 Be6 11. Nd2 h6 12. Bxf6 Bxf6 13. Nd5 Bxd5 14.
cxd5 Nd4 15. e3 Nf5 16. Rac1 Rac8 17. Nc4 Nd6 18. Bh3 Rb8 19. Nxd6 Rxd6 20. e4 c6 21. dxc6 bxc6 22. Rc2 Kg7 23. b3 Rb4 24. Bg2 Bd8 25. Re1 Bb6 26. Ree2 a5 27. Red2 Rxd2 28. Rxd2 a4 29. bxa4 Rxa4 30. Rc2 Bd4 31. Bf1 c5 32. Bc4 f5 33. Bb3 Ra7 34. exf5 gxf5 35. Kg2 e4 36. a4 Kf6 37. Ra2 Ra5 38. Bc4 Ke5 39. Bb5 Bc3 40. Rc2 Bb4 41. Rc1 f4 42. gxf4+ Kxf4 43. Rd1 Ra7 44.
Rd6 Rg7+ 45. Kf1 h5 46. Rf6+ Ke5 47. Rh6 Rg5 48. h4 Rf5 49. Ke2 Kd4 50. Rd6+ Kc3 51. Be8 c4 52. Re6 Bc5 53. Rxe4 Rxf2+ 54. Ke1 Rb2 55.
Bf7 Rb4 56. Bxh5 Kd3 57. Rf4 Rb1+ 58. Bd1 Bb4+ 59. Kf2 Rxd1 60. h5 Rd2+ 61. Kg3 Ra2 62. Rh4 Rxa4 63. h6 Ra8 64. h7 Rh8 65. Kf2 Bc5+ 66.
Ke1 c3 67. Kd1 c2+ 0-1

[Event "*** Titled Tuesday Blitz"]
[Site "Chess.com"]
[Date "2021.02.09"]
[Round "4"]
[White "NikolasTheiss"]
[Black "Stormeman100100"]
[Result "1/2-1/2"]
[WhiteElo "2328"]
[BlackElo "2537"]
[TimeControl "180+1"]
[EndTime "10:41:03 PST"]
[Termination "Game drawn by agreement"]

1. h4 e5 2. h5 d5 3. h6 Nxh6 4. d4 Nc6 5. Bxh6 gxh6 6. dxe5 Nxe5 7. e3 Bg7 8. Nc3 Be6 9. Nge2 Qd7 10. Nf4 O-O-O 11.
Nh5 Bf8 12. Qd4 Bd6 13. Qxa7 c6 14. a4 Bb4 15. a5 d4 16. exd4 Qxd4 17. Qxd4 Rxd4 18.
Be2 Nc4 19. O-O Nxb2 20. Na4 Nxa4 21. Rxa4 Bc5 22. Rxd4 Bxd4 23. a6 bxa6 24. Bxa6+ Kc7 25. Nf4 Bg4 26. Bd3 Be5 27. Ne2 h5 28. f3 Be6 29.
Kf2 h4 30. f4 Bd6 31. Rh1 Be7 32. Kf3 Bd5+ 33. Be4 Be6 34. Nd4 Bd7 35. Bf5 c5 36. Bxd7 cxd4 37. Bf5 h6 38. Bd3 Rd8 39. Re1 Bf6 40.
Re4 Rd7 41. Re1 Kb6 42. Rb1+ Kc5 43. Rb5+ Kc6 44. Rf5 Rd6 45. Bb5+ Kc7 46. Bd3 Re6 47. Rh5 Re3+ 48. Kf2 Bg7 49. Rxh4 Kd6 50. Rh5 Re8 51. g4 Re7 52. Rf5 Bh8 53. Bc4 Rc7 54. Bb3 Bg7 55. Rxf7 Rxf7 56. Bxf7 Ke7 57. Bd5 Kd6 58. Be4 Kc5 59.
Kf3 Kc4 60. Bd3+ Kd5 61. Be4+ Kd6 62. Kg3 Ke6 63. Kh4 Kf6 64. Kh5 Bf8 65. Bd3 Kg7 66.
g5 hxg5 67. fxg5 Bb4 68. Kg4 Bc3 69. Kf5 Ba1 70. Ke5 Bc3 71. Kd5 Ba1 72. Ke4 Bc3 73.
Kf5 Ba1 74. Bc4 Bc3 75. Bb3 Ba1 76. Kg4 Bc3 77. Kf4 Ba1 78. Ke4 Bc3 79. Kd3 Ba1 80. Be6 Bc3 81. Bf5 Ba1 1/2-1/2

[Event "*** Titled Tuesday Blitz"]
[Site "Chess.com"]
[Date "2021.02.09"]
[Round "4"]
[White "RamyresCoelho"]
[Black "Walter_White_Poland"]
[Result "0-1"]
[WhiteElo "2078"]
[BlackElo "2287"]
[TimeControl "180+1"]
[EndTime "10:41:04 PST"]
[Termination "Walter_White_Poland won by checkmate"]

1. e4 e5 2. Nf3 Nc6 3. d4 exd4 4.
Bc4 Nf6 5. e5 Ne4 6. Bd5 Nc5 7.
O-O Be7 8. c3 dxc3 9. Nxc3 O-O 10.
Ne4 Nxe4 11. Bxe4 d6 12. Qc2 Nxe5 13. Bxh7+ Kh8 14. Nxe5 dxe5 15. Bf5 Bd6 16. Be3 Qf6 17. Bxc8 Raxc8 18. Qe4 b6 19. a4 a5 20. Rad1 Kg8 21.
h4 Qe6 22. g4 f5 23. gxf5 Rxf5 24. Qd5 Qxd5 25. Rxd5 Rb8 26. f4 Rbf8 27. Bxb6 Rxf4 28. Rxf4 Rxf4 29. Bxa5 Rg4+ 30. Kf1 Rxa4 31. Bc3 Rxh4 32. Ke2 e4 33. Ke3 Kf7 34. Rf5+ Ke6 35. Ra5 g6 36.
Ra4 Kd5 37. Rd4+ Kc5 38. Bb4+ Kc6 39. Bxd6 cxd6 40. Rc4+ Kd5 41. Rd4+ Ke5 42. Ra4 Rh3+ 43. Kd2 d5 44. Ra6 Rd3+ 45. Ke2 Rb3 46. Rxg6 Rxb2+ 47. Kd1 Rb3 48. Rg8 d4 49. Re8+ Kf4 50. Rf8+ Ke3 51.
Kc1 Ra3 52. Kb2 Ra6 53. Rh8 Rc6 54. Rh3+ Kd2 55. Rh2+ Kd3 56. Rh3+ e3 57. Rh4 Rc7 58. Rh3 Kd2 59. Rh4 d3 60. Ka1 e2 61. Rh2 Kd1 62. Rf2 d2 63. Rf7 Rxf7 64. Kb1 e1=Q 65. Kb2 Qe3 66. Ka2 Ra7+ 67. Kb2 Rb7+ 68. Ka2 Qb3+ 69. Ka1 Qb2# 0-1

[Event "*** Titled Tuesday Blitz"]
[Site "Chess.com"]
[Date "2021.02.09"]
[Round "4"]
[White "goldihouse"]
[Black "RobertoJBM"]
[Result "1-0"]
[WhiteElo "2535"]
[BlackElo "2712"]
[TimeControl "180+1"]
[EndTime "10:41:05 PST"]
[Termination "goldihouse won on time"]

1. c4 c6 2. Nf3 d5 3. g3 dxc4 4. Bg2 b5 5. O-O Bb7 6. a4 a6 7. b3 cxb3 8. Qxb3 e6 9. Nc3 Nd7 10. d4 Ngf6 11. Rd1 Be7 12. Ne5 Qb6 13. Bg5 h6 14.
Nxd7 Kxd7 15. Bxf6 Bxf6 16. Ne4 Rhd8 17. axb5 axb5 18. Nc5+ Ke8 19. e3 Be7 20. Rac1 Rac8 21. Rc3 Kf8 22. Rdc1 Ba8 23. Qc2 Kg8 24. Nd3 b4 25.
Rc4 Qb5 26. Nc5 Rb8 27. Rb1 Bxc5 28. Rxc5 Qb6 29. Rb3 Rd7 30. Bxc6 Bxc6 31. Rxc6 Qb5 32. Rc8+ Rd8 33. Rc5 Qa4 34. Qb2 Rb7 35. Rc4 Rdb8 36.
Qc2 g6 37. h4 h5 38. Kg2 Kg7 39. Rc5 Qd7 40. Qb2 Kg8 41. Kg1 Qe7 42. Qc2 Rb5 43. Rc7 Qd6 44. Qc4 Qd5 45. Qxd5 Rxd5 46. Rc4 Rdb5 47. Kf1 Kf8 48. Ke2 Ke7 49. Kd3 Kd6 50.
Rb2 e5 51. Rb3 exd4 52. Kxd4 Rd5+ 53. Ke4 Rdb5 54. Kd3 Kd5 55. e4+ Kd6 56. f4 f6 57.
Kd4 g5 58. hxg5 fxg5 59. e5+ Ke6 60. Ke4 gxf4 61. gxf4 R8b6 62. f5+ Ke7 63. Kf4 Rd5 64. Rc7+ Kd8 65. Rh7 Rd4+ 66. Kg5 Rd5 67. e6 Rxe6 68.
Rxb4 Ree5 69. Rf4 Ke8 70. Rxh5 Kf7 71. Rh7+ Kg8 72. Ra7 Re1 73. Ra6 Rg1+ 74. Kf6 Rh1 75. Ra8+ Kh7 76. Re4 Rh6+ 77. Kg5 Rg6+ 78. Kf4 Rf6 79.
Re7+ Rf7 80. Rxf7+ 1-0

[Event "*** Titled Tuesday Blitz"]
[Site "Chess.com"]
[Date "2021.02.09"]
[Round "4"]
[White "Anna_ChessMate"]
[Black "Anton_Demchenko"]
[Result "1-0"]
[WhiteElo "2565"]
[BlackElo "2844"]
[TimeControl "180+1"]
[EndTime "10:41:06 PST"]
[Termination "Anna_ChessMate won by resignation"]

1. d4 Nf6 2. c4 d6 3. Nc3 e5 4.
e3 Nbd7 5. Bd3 g6 6. Nge2 Bg7 7. O-O O-O 8. b3 Re8 9. Bb2 c6 10. Rc1 e4 11. Bb1 d5 12. b4 a6 13. a4 Nb6 14.
c5 Nbd7 15. b5 Nf8 16. bxc6 bxc6 17. a5 Bf5 18. Na4 h5 19. Nb6 Ra7 20. Bc2 h4 21. Ba4 Qc7 22. Nf4 Re7 23. h3 Bh6 24. Ne2 N8h7 25.
Rb1 Ng5 26. Nf4 Ngh7 27. Ne2 Kg7 28. Bc3 g5 29. Bd2 g4 30. Nf4 Bxf4 31. exf4 gxh3 32. Be3 Re8 33. gxh3 Bxh3 34. Kh2 Bxf1 35. Qxf1 Kh8 36.
Qh3 Rg8 37. Rg1 Rxg1 38. Kxg1 Rb7 39. Qxh4 Rb8 40. Kf1 Rg8 41. Qh3 Ng4 42. Qh5 Nf6 43. Qf5 Qb7 44. Qe5 Re8 45. Qf5 Kg7 46. Ke2 Qc7 47. Qh3 Re6 48. Qf5 Re7 49. Qh3 Re8 50. Qg3+ Kh8 51. Qh4 Rg8 52. Qh3 Re8 53. Qf5 Re6 54.
Qh3 Qd8 55. f5 Re7 56. Bxc6 Qc7 57. Ba4 Kg7 58. Qg2+ Kh8 59. Qh3 Qd8 60. Qh4 Rc7 61. Bf4 Re7 62. Be5 Kg7 63. Qg3+ Kh8 64. c6 Qe8 65. c7 Qf8 66. c8=Q Qxc8 67. Nxc8 Re8 68. Bxe8 1-0

[Event "*** Titled Tuesday Blitz"]
[Site "Chess.com"]
[Date "2021.02.09"]
[Round "4"]
[White "SanchezKelvin"]
[Black "night_player"]
[Result "1-0"]
[WhiteElo "2453"]
[BlackElo "2257"]
[TimeControl "180+1"]
[EndTime "10:41:06 PST"]
[Termination "SanchezKelvin won by resignation"]

1. e4 c5 2. Nf3 Nc6 3. d4 cxd4 4. Nxd4 e5 5. Nb5 d6 6. N1c3 a6 7. Na3 b5 8. Nd5 Nce7 9. c4 Nxd5 10. cxd5 Be7 11.
Bd3 Bg5 12. O-O Bxc1 13. Rxc1 Ne7 14. Nc2 O-O 15. Ne3 f5 16. exf5 Nxf5 17. Nxf5 Bxf5 18. Bxf5 Rxf5 19. Rc6 Qf6 20. Qc2 Rf8 21. Rc8 Rg5 22.
Rxf8+ Qxf8 23. Rc1 e4 24. Qxe4 Re5 25. Qg4 Qe7 26.
Rc8+ Kf7 27. Qf4+ Kg6 28. h4 Rxd5 29. Qg4+ Kf6 30. Rc3 Rf5 31. Re3 Qa7 32. Qg3 Qc5 33. Rc3 Qe5 34. Qxe5+ Kxe5 35. Rc6 a5 36. Kf1 Kd5 37.
Rc7 Rh5 38. g3 g6 39. Ke2 a4 40. a3 Re5+ 41. Kd2 h5 42. Rg7 Re6 43. Kd3 Ke5 44. Rb7 Rf6 45. Rxb5+ d5 46. f4+ Kf5 47. Rxd5+ Kg4 48.
Rg5+ Kf3 49. Kc3 Rb6 50. Kc2 Kf2 51. g4 hxg4 52. Rxg4 Kf3 53. Rg5 Kxf4 54. Ra5 Rc6+ 55. Kd3 Rd6+ 56. Ke2 Rd4 57. h5 g5 58. h6 g4 59. h7 Rd8 60. Rxa4+ Kg3 61. Kf1 Rf8+ 62. Kg1 Rd8 63. Kf1 Rf8+ 64. Ke2 Re8+ 65. Kd3 Kh3 66. Re4 Rd8+ 67. Rd4 Rh8 68. Rd7 g3 69. Ke3 g2 70.
Rg7 Kh2 71. Kf2 Rf8+ 72. Ke2 g1=Q 73. Rxg1 Kxg1 74. b4 Rf7 75. h8=Q Rf8 76. Qd4+ Kg2 77. Qe3 1-0

[Event "*** Titled Tuesday Blitz"]
[Site "Chess.com"]
[Date "2021.02.09"]
[Round "4"]
[White "Srisshhhtea"]
[Black "Murad_Ibrahimli"]
[Result "0-1"]
[WhiteElo "2505"]
[BlackElo "2716"]
[TimeControl "180+1"]
[EndTime "10:41:08 PST"]
[Termination "Murad_Ibrahimli won on time"]

1. d4 g6 2. e4 Bg7 3. Nf3 d6 4. Bc4 Nf6 5. Qe2 c6 6. O-O d5 7. exd5 cxd5 8. Bb5+ Bd7 9. Re1 Bxb5 10. Qxb5+ Qd7 11. Qe2 Nc6 12. c3 O-O 13. Nbd2 Rfe8 14.
Nb3 b6 15. Bf4 Ne4 16. Rad1 e6 17. Nc1 f6 18. Nd3 g5 19. Bc1 Rad8 20. Nd2 Nd6 21.
Nf1 Nf5 22. Qh5 Qf7 23. Qe2 h5 24. Ng3 Nxg3 25. hxg3 Qg6 26. g4 hxg4 27. Qxg4 Qf5 28. Qh5 Qh7 29. Qg4 Kf7 30. Re3 Qf5 31. Qh5+ Qg6 32.
Qe2 Re7 33. Re1 Rde8 34. f4 g4 35. Rg3 f5 36. b4 Rh8 37. b5 Na5 38. Ba3 Rd7 39.
Re3 Re8 40. Bb4 Nc4 41. a4 Nxe3 42. Qxe3 Rh8 43. Kf2 Bf6 44. Qxe6+ Kg7 45. Qxd7+ Qf7 46. Qxf7+ Kxf7 47. Ne5+ Kg7 48. Nc6 Bh4+ 49. g3 Bf6 50.
Kg2 Kf7 51. Be7 Re8 52. Rh1 Bxe7 53. Rh7+ Kf6 54. Nxa7 Ba3 55. Rh6+ Kg7 56. Rxb6 Re2+ 57. Kf1 Re3 58. Rb7+ Kf6 59. Rc7 Rxg3 60. b6 Bd6 61. Nb5 Bxf4 62. b7 Rf3+ 63. Kg2 Rg3+ 64. Kf1 Rf3+ 65. Ke2 Re3+ 66. Kd1 Re8 67. Rc8 Kf7 68. Rxe8 Kxe8 69. a5 Kd7 70. a6 Kc6 0-1

[Event "*** Titled Tuesday Blitz"]
[Site "Chess.com"]
[Date "2021.02.09"]
[Round "4"]
[White "wonderfultime"]
[Black "sara_khm"]
[Result "1-0"]
[WhiteElo "2927"]
[BlackElo "2698"]
[TimeControl "180+1"]
[EndTime "10:41:12 PST"]
[Termination "wonderfultime won by resignation"]

1. d4 Nf6 2. Nf3 d5 3. Bf4 c5 4. c3 Nc6 5. e3 cxd4 6. exd4 Bf5 7. Qb3 Qc8 8. Be2 e6 9. O-O h6 10. Nbd2 Be7 11. Rfe1 O-O 12. Nf1 a6 13. Ng3 Bh7 14.
Qd1 b5 15. Bd3 Bxd3 16. Qxd3 Qb7 17. h3 a5 18. Qd2 Kh7 19. Ne5 Nxe5 20. Bxe5 Nd7 21.
Bf4 Rfc8 22. Re3 b4 23. Rae1 bxc3 24. bxc3 Nf6 25. Qd3+ Kg8 26. Nf5 exf5 27. Rxe7 Qa6 28. Qxf5 Rxc3 29. Be5 Rf8 30. Rb1 Ra3 31. Qc2 Ne4 32.
Rbb7 Rc3 33. Qd1 Qc6 34. Rbc7 Qg6 35. Rxc3 Nxc3 36. Qb3 Qd3 37. Kh2 Qd2 38. Bg3 a4 39. Qb4 Qd3 40. Re3 Qb1 41. Qxc3 Qxa2 42. Qa3 Qc2 43.
Rc3 Qd1 44. Qa2 Qxd4 45. Rc2 Ra8 46. Rd2 Qc4 47. Qa3 Qb3 48. Ra2 Qxa3 49. Rxa3 d4 50. Kg1 d3 51. Rxd3 a3 52. Rd1 a2 53. Ra1 f5 54. Be5 g5 55. f4 gxf4 56. Bxf4 h5 57. Kf2 Ra4 58. Kg3 Kf7 59. Kf3 h4 60. Bg5 Ra3+ 61.
Kf2 Ra4 62. Be3 Kg6 63. Bd2 f4 64. Kf3 Kf5 65. Be1 Ra3+ 66. Ke2 Re3+ 67. Kf1 Ra3 68. Bxh4 f3 69. Bf2 fxg2+ 70. Kxg2 Ke4 71. h4 Kd3 72. Bg3 Ra6 73. Be5 Kc2 74. Kf3 Kb3 75. Rg1 Ra5 76. Kf4 Ra4+ 77. Kg5 Re4 78. Bf6 Re2 79. h5 Kc4 80. h6 Rh2 81. Kg6 Kd5 82. h7 1-0

[Event "*** Titled Tuesday Blitz"]
[Site "Chess.com"]
[Date "2021.02.09"]
[Round "4"]
[White "sopo-tereladze"]
[Black "Dahamdi_Sanudula"]
[Result "1/2-1/2"]
[WhiteElo "2285"]
[BlackElo "1711"]
[TimeControl "180+1"]
[EndTime "10:41:17 PST"]
[Termination "Game drawn - insufficient material"]

1. d4 Nf6 2. Nf3 e6 3. Bf4 d5 4. e3 Bd6 5. Bd3 O-O 6. O-O b6 7. Bg5 Bb7 8. Nbd2 Nbd7 9. e4 dxe4 10. Nxe4 h6 11. Nxf6+ Nxf6 12. Bh4 Be7 13. c3 c5 14.
dxc5 Bxc5 15. Re1 Be7 16. Qe2 Qc7 17. Nd4 Rad8 18. Nxe6 fxe6 19. Qxe6+ Rf7 20. Bg6 Rf8 21. Rad1 Qc6 22. Qxc6 Bxc6 23. Bg3 Bc5 24. Bxf7+ Rxf7 25. b4 Bf8 26. Rd8 Ne4 27. b5 Bb7 28. c4 Nxg3 29.
hxg3 Kh7 30. f3 Bc5+ 31. Kh2 a6 32. g4 axb5 33. cxb5 Bb4 34. Re6 Bc5 35. a4 Bf2 36. Red6 Bc5 37. R6d7 Rxd7 38. Rxd7 Bc8 39. Rd8 Be6 40. Re8 Bb3 41. Re4 Bd5 42. Re1 Bb3 43.
Ra1 Bc4 44. g3 Kg8 45. a5 Bxb5 46. a6 Bc6 47. a7 Ba8 48. Rd1 Be7 49. Rc1 Kf7 50.
Rc8 Bd5 51. a8=Q Bxa8 52. Rxa8 Bc5 53. Rb8 Bd4 54. Rb7+ Kg8 55. Kg2 Bc5 56. f4 Kh7 57. Kf3 Kg8 58. f5 Kf8 59. Ke4 Kg8 60. Kd5 Kf8 61. Ke6 Kg8 62. Rb8+ Kh7 63. Kf7 Bd4 64. Rb7 Bc5 65. f6 gxf6 66. Kxf6+ Kg8 67. Kg6 Kf8 68. Kxh6 Ke8 69. Kg6 Bf2 70. g5 Bxg3 71. Rxb6 Bf2 72. Rb7 Kd8 73. Kh7 Be3 74. g6 Bd4 75. Rf7 Bg7 76.
Kg8 Bd4 77. g7 Bxg7 78. Rf8+ Bxf8 1/2-1/2

[Event "*** Titled Tuesday Blitz"]
[Site "Chess.com"]
[Date "2021.02.09"]
[Round "4"]
[White "GregShahade"]
[Black "Beca95"]
[Result "1/2-1/2"]
[WhiteElo "2692"]
[BlackElo "2899"]
[TimeControl "180+1"]
[EndTime "10:41:23 PST"]
[Termination "Game drawn - insufficient material"]

1. e4 g6 2. d4 Bg7 3. Nc3 d6 4. Nf3 Nf6 5. Be2 O-O 6. O-O a6 7. a4 Nc6 8. d5 Na7 9. Re1 e5 10. dxe6 Bxe6 11. Nd4 Bd7 12. Be3 Re8 13. f3 d5 14. Bg5 h6 15. Bh4 c5 16. Nb3 g5 17. Bf2 d4 18. Nb1 Rc8 19. N1d2 Nh5 20. Nc4 Be6 21. a5 Nb5 22. Nb6 Rc6 23. Nd2 Nf4 24. Bc4 d3 25. c3 Bxc3 26. bxc3 Nxc3 27. Qb3 Nce2+ 28. Kh1 Bxc4 29. Nbxc4 Qd7 30. Rab1 g4 31. Qxb7 Rc7 32. Qxa6 gxf3 33. gxf3 Kh7 34. Qf6 Re6 35. Qf5+ Ng6 36. Rb6 Qe7 37. Rxe6 fxe6 38. Qg4 Qf6 39. a6 Rg7 40. e5 Nxe5 41. Qe4+ Ng6 42. Qxd3 Nf4 43. Qe4 Qg5 44. Rg1 Qh5 45. Bg3 Nh3 46. Qe2 Nxg1 47. Kxg1 Qd5 48. Ne4 Rf7 49. a7 Qb7 50.
Ned6 Qxa7 51. Nxf7 Qxf7 52. Qe4 Qf6 53. h4 h5 54. Kg2 Kg7 55. Kh3 Kf7 56. Qb7+ Kg8 57. Qa8+ Kh7 58. Qb7+ Kg8 59. Qe4 Ne7 60. Qe5 Qg6 61.
Qg5 Kf8 62. Qxg6 Nxg6 63. Be5 Ke8 64. Kg3 Ne7 65. f4 Nf5+ 66. Kh3 Kd7 67. Bf6 Kc6 68. Ne5+ Kd5 69. Nf3 c4 70. Kg2 Ke4 71. Be5 Kd3 72.
Kf2 c3 73. Bxc3 Kxc3 74. Ng5 Nxh4 75. Nxe6 Nf5 76. Ng5 Kd3 77. Kg2 Ke3 78. Ne6 Ke4 79. Kh3 Kf3 80. Ng5+ Kxf4 81. Ne6+ Ke5 82. Ng5 Kd4 83.
Nf3+ Ke4 84. Nh4 Ne7 85. Ng2 Ng6 86. Nh4 Nf4+ 87. Kg3 Ne2+ 88. Kh3 Nd4 89. Ng6 Nf5 90. Nh4 Ne7 91. Ng2 Kf3 92. Kh4 Kxg2 93. Kxh5 1/2-1/2

[Event "*** Titled Tuesday Blitz"]
[Site "Chess.com"]
[Date "2021.02.09"]
[Round "4"]
[White "ckgchess"]
[Black "karinachess1"]
[Result "1-0"]
[WhiteElo "2731"]
[BlackElo "2514"]
[TimeControl "180+1"]
[EndTime "10:41:27 PST"]
[Termination "ckgchess won by resignation"]

1. e4 e5 2. Nc3 Nc6 3. g3 g6 4. Bg2 Bg7 5. Nge2 Nge7 6. O-O O-O 7. d3 d6 8. Nd5 Nxd5 9. exd5 Ne7 10. d4 Bg4 11. dxe5 dxe5 12. h3 Bf5 13. c4 h5 14.
Nc3 Qd7 15. Kh2 Rad8 16. Re1 c6 17. Be3 cxd5 18. cxd5 Nc8 19. Rc1 b5 20. Qb3 Nd6 21. Bc5 a6 22. a4 bxa4 23. Qxa4 Qxa4 24. Nxa4 Rfe8 25. Bb4 Nb5 26. Ba5 Rc8 27. Rc6 Nd4 28. Rxa6 Rc2 29. Kg1 Ne2+ 30. Kh2 Nd4 31. Bc3 Rd8 32.
Kg1 Ne2+ 33. Kh2 Nxc3 34. bxc3 Rxf2 35. c4 e4 36. c5 Rxd5 37. c6 Rdd2 38. Rg1 e3 39.
Nc5 Be5 40. Ra3 Rc2 41. Nd3 Bc7 42. Nxf2 exf2 43. Rf1 h4 44. Rf3 Bxg3+ 45. Rxg3 hxg3+ 46. Kxg3 Kg7 47. Rxf2 Rxf2 48. Kxf2 Kf6 49. c7 Ke7 50. Bb7 Bd7 51. c8=Q Bxc8 52. Bxc8 Kf6 53. Ba6 Kg7 54. Be2 Kh6 55. Kg3 g5 56. Kg4 f6 57. Bd3 Kg7 58.
Bf5 Kh8 59. Kh5 Kg7 60. Be4 Kh8 61. Kh6 Kg8 62. Bf5 Kh8 63. Be6 f5 64. Bd5 f4 65.
Bc4 f3 66. Bf1 f2 67. Kg6 Kg8 68. Be2 Kh8 69. Bc4 f1=Q 70. Bxf1 Kg8 71. Bg2 Kf8 72. Bd5 Ke7 73. Kxg5 Kf8 74. Kg6 Ke7 75. h4 Kf8 76. h5 Ke7 77. h6 Ke8 78. h7 Ke7 79. h8=Q Kd6 80. Bf7 Ke7 81. Qf6+ 1-0

[Event "*** Titled Tuesday Blitz"]
[Site "Chess.com"]
[Date "2021.02.09"]
[Round "4"]
[White "NicoChasin"]
[Black "sergeikim"]
[Result "1/2-1/2"]
[WhiteElo "2600"]
[BlackElo "2427"]
[TimeControl "180+1"]
[EndTime "10:41:28 PST"]
[Termination "Game drawn by stalemate"]

1. e4 e5 2. Nf3 Nc6 3. Bc4 Bc5 4. O-O Nf6 5. d3 d6 6. c3 a6 7. b4 Ba7 8. Bg5 h6 9. Bh4 Bg4 10. Nbd2 g5 11. Bg3 Nh5 12. Qb3 Qf6 13. Kh1 Nf4 14.
Ng1 h5 15. f3 Be6 16. Bf2 Bxf2 17. Rxf2 Nxd3 18. Rff1 Nf4 19. g3 Ng6 20. Bxe6 Qxe6 21. Qxe6+ fxe6 22. Nh3 g4 23. fxg4 hxg4 24. Nf2 Ke7 25.
Nxg4 Rag8 26. Ne3 Nf8 27. Kg2 Nd7 28. Rf2 Nf6 29. Raf1 Rg6 30. Kf3 Nd8 31. Ke2 Nf7 32. Kd3 Nh6 33. h4 Nhg8 34. Rf3 Rh7 35. a4 Ng4 36. h5 Rgg7 37. Rh1 Nxe3 38. Rxe3 Nf6 39. h6 Rg6 40. Nc4 Rhxh6 41. Rxh6 Rxh6 42. Na5 b6 43. Nc6+ Kd7 44. Nb8+ Ke7 45. Nxa6 Kd7 46. Rf3 Rg6 47. a5 bxa5 48. bxa5 Kc6 49. Nb4+ Kb7 50.
a6+ Kb6 51. Ke3 c5 52. Nc2 Kxa6 53. Kd3 Kb5 54. Ne3 d5 55. c4+ Kc6 56. exd5+ exd5 57. Rf5 e4+ 58. Ke2 d4 59. Nf1 Ng4 60. Rf4 e3 61.
Rf8 Ne5 62. Rc8+ Kd6 63. Rd8+ Kc7 64. Rd5 Nd7 65. Rf5 Kd6 66. Kf3 Ne5+ 67. Ke4 Nxc4 68. Kd3 Ne5+ 69. Ke2 c4 70. Rf4 Kd5 71. Rf8 Ra6 72.
Nxe3+ dxe3 73. Kxe3 Ra3+ 74. Kd2 Rxg3 75. Rd8+ Ke4 76.
Rf8 Rd3+ 77. Kc2 Re3 78. Re8 Kd4 79. Rd8+ Ke4 80. Re8 Rd3 81. Rh8 Ke3 82. Rh3+ Kd4 83. Rh8 Nf3 84. Rd8+ Ke3 85. Re8+ Kd4 86. Rc8 Ne1+ 87.
Kc1 Kc3 88. Ra8 Nc2 89. Ra3+ Nxa3 1/2-1/2

[Event "*** Titled Tuesday Blitz"]
[Site "Chess.com"]
[Date "2021.02.09"]
[Round "4"]
[White "albi1999"]
[Black "boasovietica"]
[Result "1-0"]
[WhiteElo "2626"]
[BlackElo "2467"]
[TimeControl "180+1"]
[EndTime "10:41:29 PST"]
[Termination "albi1999 won on time"]

1. d4 Nf6 2. c4 e6 3. Nc3 d5 4. cxd5 exd5 5. Bg5 Nbd7 6. e3 Be7 7. Qc2 c6 8. Bd3 Nh5 9. Bxe7 Qxe7 10. Nge2 g6 11. O-O O-O 12. Rab1 Nb6 13. b4 a6 14. a4 Nf6 15. b5 axb5 16. axb5 c5 17. dxc5 Qxc5 18. Rfc1 Bd7 19. Qb2 Qa3 20. Qd2 Rfc8 21. Nd4 Qd6 22. Nce2 Rxc1+ 23. Rxc1 Rc8 24. Rxc8+ Bxc8 25. Qa5 Ng4 26.
Ng3 h5 27. Nf1 Ne5 28. Be2 Bd7 29. Qc3 Na4 30. Qc2 Nc5 31. h3 Ne4 32. f3 Nc5 33. Nd2 Ne6 34. N2b3 Qb4 35. Kf2 h4 36. Nxe6 Bxe6 37. Nd4 Qd6 38. Qc3 Nd7 39. Qc8+ Kg7 40. Qxb7 Qg3+ 41. Kf1 Bxh3 42. gxh3 Ne5 43. Qxd5 Qxh3+ 44.
Ke1 Qg3+ 45. Kd2 h3 46. f4 Ng4 47. Bxg4 Qxg4 48. Qf3 Qh4 49. Ne2 h2 50. Qh1 Qh3 51.
b6 Qd7+ 52. Ke1 Qh3 53. b7 Qh4+ 54. Kd2 Qd8+ 55. Nd4 Qa5+ 56. Ke2 Qa2+ 57. Kf1 Qb1+ 58.
Kg2 Qxb7+ 59. Kxh2 Qb2+ 60. Qg2 Qc3 61. Qf2 Qc1 62. Nf3 Qc3 63. Qd2 Qc6 64. Qd4+ Kg8 65. Kg3 Qc2 66. Qd8+ Kg7 67. Qd4+ Kg8 68. Qe5 Qd1 69. f5 gxf5 70. Qxf5 Qf1 71. Qg5+ Kf8 72. Qh6+ Ke8 73. Qf4 Qd1 74. Ng5 Qg1+ 75. Kh4 Qh1+ 76. Kg4 Qd5 77. Qe4+ Qxe4+ 78. Nxe4 Ke7 79. Kf5 Ke8 80.
Kf6 Kf8 81. Ng5 Ke8 82. e4 1-0

[Event "*** Titled Tuesday Blitz"]
[Site "Chess.com"]
[Date "2021.02.09"]
[Round "4"]
[White "Sam_ChessMood"]
[Black "Alohamora11"]
[Result "1-0"]
[WhiteElo "2836"]
[BlackElo "2472"]
[TimeControl "180+1"]
[EndTime "10:41:38 PST"]
[Termination "Sam_ChessMood won by resignation"]

1. e4 c5 2. Nf3 g6 3. c3 Bg7 4. d4 cxd4 5. cxd4 d5 6. e5 Bg4 7. Bb5+ Nd7 8. Bg5 h6 9. Bh4 a6 10. Ba4 b5 11. Bb3 Nb6 12. Nbd2 Qd7 13. a4 e6 14. axb5 Qxb5 15. Qe2 Qxe2+ 16. Kxe2 Ne7 17.
Bxe7 Kxe7 18. Rhc1 Rhc8 19. Rxc8 Nxc8 20. Bc2 Bf8 21. Bd3 a5 22. h3 Bxf3+ 23. Nxf3 Kd8 24.
Kd1 Nb6 25. h4 h5 26. Ng5 Ke7 27. g3 Bh6 28. Nh3 a4 29. f4 Bf8 30. Ng5 Bh6 31. Nf3 Bf8 32. Bb5 Kd8 33. Ng5 Ra7 34. Rc1 a3 35. bxa3 Bxa3 36. Rc6 Nc8 37. Rc2 Bf8 38. Be8 Kxe8 39. Rxc8+ Ke7 40. Nh7 Bg7 41. Rg8 Bh6 42. Nf6 Bf8 43. Nh7 Bh6 44. Kc2 Rc7+ 45. Kd3 Rd7 46.
Rc8 Rd8 47. Rc6 Bg7 48. Ra6 Rd7 49. Ng5 Rb7 50. Ra8 Bh6 51. Nh7 Bg7 52. Rg8 Bh6 53. Kc3 Rc7+ 54. Kb3 Rd7 55. Ra8 Rb7+ 56. Ka4 Bg7 57.
Ka5 Rd7 58. Kb6 Rd8 59. Ra7+ Rd7 60. Ra6 Rd8 61. Kc6 Rc8+ 62. Kb5 Rb8+ 63. Ka4 Rd8 64. Ng5 Rd7 65. Ra8 Bh6 66. Nh7 Bg7 67. Kb5 Rb7+ 68.
Kc6 Rd7 69. Ng5 Bh6 70. Nxf7 Bg7 71. Nd6 Rd8 72. Rxd8 Kxd8 73. Nb7+ Ke7 74. Kc7 Bh6 75. Na5 Bg7 76. Nc6+ Kf7 77. Kd7 Bf8 78. Nd8+ Kg7 79. Nxe6+ Kf7 80. Nxf8 Kxf8 81. e6 1-0